 Dungeon Crawl Stone Soup version 0.25-a0-156-g0c4bda3fdf (webtiles) character file.

Game seed: 15299885895843839492, levelgen mode: deterministic

57 vurker the Skirmisher (level 4, -1/37 HPs)
             Began as a Formicid Abyssal Knight on Nov 20, 2019.
             Was a Believer of Lugonu.
             Slain by a gnoll
             ... wielding a +0 spear
              (2 damage)
             ... on level 2 of the Dungeon.
             The game lasted 00:01:52 (1570 turns).

vurker the Skirmisher (Formicid Abyssal Knight)     Turns: 1570, Time: 00:01:53

Health: -1/37      AC:  5    Str: 18    XL:     4   Next: 18%
Magic:  6/6        EV: 11    Int: 11    God:    Lugonu [**....]
Gold:   49         SH:  0    Dex: 10    Spells: 3/3 levels left

rFire    . . .     SeeInvis +   a - +1 hand axe
rCold    . . .     Gourm    .   (no shield)
rNeg     . . .     Faith    .   b - +0 leather armour
rPois    .         Spirit   .   (helmet unavailable)
rElec    .         Reflect  .   d - +0 cloak
rCorr    .         Harm     .   (no gloves)
MR       .....                  (no boots)
Stlth    +.........             (no amulet)
HPRegen  0.12/turn              k - +1 ring of protection
MPRegen  0.10/turn              (no ring)

@: no status effects
A: permanent stasis, dig shafts and tunnels, four strong arms, antennae 3
a: Dig, Shaft Self, Depart the Abyss, Bend Space, Renounce Religion


You were on level 2 of the Dungeon.
You worshipped Lugonu.
Lugonu was pleased with you.
You were not hungry.

You visited 1 branch of the dungeon, and saw 2 of its levels.
You visited the Abyss 1 time.

You collected 49 gold pieces.

Inventory:

Hand Weapons
 a - a +1 hand axe (weapon)
Armour
 b - a +0 leather armour (worn)
 d - a +0 cloak (worn)
   (You found it on level 1 of the Dungeon)
Jewellery
 k - a +1 ring of protection (left hand)
   (You found it on level 1 of the Dungeon)
Scrolls
 f - 2 scrolls of teleportation {unknown}
 g - a scroll of identify {unknown}
 h - a scroll of amnesia {unknown}
 l - 2 scrolls of enchant weapon {unknown}
Potions
 i - a potion of mutation {unknown}
 j - 3 potions of curing {unknown}
Comestibles
 e - 2 rations


   Skills:
 + Level 3.8 Fighting
 * Level 3.2 Axes
 - Level 2.1 Armour
 - Level 0.8 Dodging
 + Level 3.0 Invocations


You had 3 spell levels left.
You didn't know any spells.
Your spell library was empty.

Dungeon Overview and Level Annotations

Branches:
Dungeon (2/15)

Altars:


Innate Abilities, Weirdness & Mutations

You cannot be hasted, slowed, berserked, paralysed or teleported.
You can dig through walls and to a lower floor.
Your four strong arms can wield two-handed weapons with a shield.
You have a pair of large antennae on your head. (SInv)


Message History

Lugonu accepts your kill.
You see here a worm corpse.
You butcher the worm corpse.
c - 3 chunks of flesh Eating one of 3 chunks of flesh.
You eat one of the 3 chunks of flesh.
Found a scroll labeled CAIJUN BOWENN.
You now have 49 gold pieces (gained 12).
f - 2 scrolls labeled CAIJUN BOWENN (gained 1)
You sense a monster nearby.
A gnoll comes into view.
The gnoll shouts!
There is a stone staircase leading up here.
The gnoll barely misses you.
You barely miss the gnoll. The gnoll completely misses you.
The gnoll closely misses you.
You hit the gnoll. The gnoll barely misses you.
You hit the gnoll. The gnoll misses you.
You hit the gnoll. The gnoll hits you.
You hit the gnoll.
You kill the gnoll!
Lugonu accepts your kill.
Your Invocations skill increases to level 3!
You have reached level 4!
You feel stronger.
All of the chunks of flesh in your inventory have rotted away.
Found a scroll labeled PITHRI VUNO and 15 bolts.
A gnoll comes into view. It is wielding a +0 spear.
You see here a scroll labeled PITHRI VUNO.
l - 2 scrolls labeled PITHRI VUNO (gained 1)
The gnoll hits you with a +0 spear.
You closely miss the gnoll. The gnoll hits you with a +0 spear!
You slash the gnoll! The gnoll barely misses you.
You hit the gnoll but do no damage. The gnoll closely misses you.
You barely miss the gnoll. The gnoll hits you with a +0 spear. x2
You closely miss the gnoll. The gnoll hits you with a +0 spear.
* * * LOW HITPOINT WARNING * * *
You barely miss the gnoll. The gnoll barely misses you.
You hit the gnoll but do no damage. The gnoll closely misses you.
You hit the gnoll but do no damage. The gnoll hits you with a +0 spear.
* * * LOW HITPOINT WARNING * * *
You barely miss the gnoll. The gnoll barely misses you.
You hit the gnoll but do no damage. The gnoll hits you with a +0 spear.
* * * LOW HITPOINT WARNING * * *
You hit the gnoll. The gnoll barely misses you.
You barely miss the gnoll. The gnoll hits you with a +0 spear.
* * * LOW HITPOINT WARNING * * *
The gnoll hits you with a +0 spear.
* * * LOW HITPOINT WARNING * * *
You hit the gnoll but do no damage. The gnoll hits you with a +0 spear.
You die...

.... ..# { ... ...
....... {
{g.##.### .......
#. .... .......
#.##.## ....(..
#.....# .......
#.##..####.......
#....g...........
..
#.####.@###.#+####
..#.......#...#
g######.####.# .
#.......#.#
#.#.........#
#.#..#.##.###
#........<..#
#.#..#.####.#
#.##......#.#


You could see a gnoll.

Vanquished Creatures
  A gnoll (D:2)
  2 oozes (D:1)
  A worm (D:2)
  2 dart slugs (D:1)
  2 leopard geckos
  4 goblins (D:1)
  4 hobgoblins (D:1)
  5 bats
  A frilled lizard (D:1)
  5 kobolds (D:1)
  4 rats (D:1)
31 creatures vanquished.

Notes
Turn   | Place    | Note
-------+----------+-------------------------------------------
     0 | Abyss:1  | vurker the Formicid Abyssal Knight began the quest for the
                  | Orb.
     0 | Abyss:1  | Reached XP level 1. HP: 18/18 MP: 2/2
    10 | D:1      | Escaped the Abyss
   139 | D:1      | Reached XP level 2. HP: 21/24 MP: 3/3
   680 | D:1      | Reached XP level 3. HP: 29/29 MP: 4/4
   759 | D:1      | Reached ** piety under Lugonu
  1502 | D:2      | Reached XP level 4. HP: 32/37 MP: 6/6
  1569 | D:2      | HP: 1/37 [gnoll/+0 spear (6)]
  1570 | D:2      | Slain by a gnoll

Levels and vault maps discovered:
D:1:      dpeg_arrival_rooms_a, layout_basic, minmay_unequal
D:2:      layout_basic, chequers_ecumenical_altar_lobes, minmay_ruptured,
          uniq_crazy_yiuf_cottage

Skill      XL: |  1  2  3 |
---------------+----------+-----
Axes           | 3 |  3.2
Invocations    | 3 |  3.0
Fighting       | |  3.8
Armour         | |  2.1
Dodging        | |  0.8

Action                   |  1- 3 |  4- 6 || total
-------------------------+-------+-------++-------
Melee: Hand axe          |   102 |    13 ||   115
  Eat: Chunk             |     2 |       ||     2
Armor: Leather armour    |    18 |       ||    18
Dodge: Dodged            |    63 |     6 ||    69

Table legend:
 A = Non-vault XP
 B = Vault XP
 C = Vault XP percentage of total XP
 D = Non-vault monster count
 E = Vault monster count
 F = Vault count percentage of total count
                 A         B        C        D         E       F
            +---------+---------+-------+---------+---------+-------
      Total |      68 |      14 |  17.1 |      25 |       6 |  19.4
            +---------+---------+-------+---------+---------+-------
        D:1 |      53 |       6 |  10.2 |      23 |       4 |  14.8
        D:2 |      15 |       8 |  34.8 |       2 |       2 |  50.0
            +---------+---------+-------+---------+---------+-------
